[Event "Titled Tuesday Blitz August 1 Late 2023"]
[White "Polaczek, Richard"]
[Black "Akhayan, Ruben"]
[WhiteFideId "200026"]
[BlackFideId "204439"]
[WhiteElo "2442"]
[BlackElo "2294"]
[Result "1/2-1/2"]
[Round "3"]
[TimeControl "180+1"]
[Date "2023.08.01"]
[WhiteClock "0:00:14"]
[BlackClock "0:00:51"]
[Board "162"]

1. Nf3 Nf6 2. d4 g6 3. Bg5 Bg7 4. Nbd2 O-O 5. e4 d6 6. c3 Nbd7 7. Bc4 c6 8. O-O d5 9. exd5 cxd5 10. Bd3 a6 11. a4 b6 12. Re1 Bb7 13. h3 Rc8 14. Bf4 Re8 15. Qb3 e6 16. Bh2 Bf8 17. Rad1 Nb8 18. Ne5 Nc6 19. Nxc6 Rxc6 20. Nf3 Nd7 21. Bf1 Rc8 22. Bg3 Be7 23. Ne5 Nxe5 24. Bxe5 Bd6 25. g3 Bxe5 26. Rxe5 Qd6 27. Rde1 Re7 28. f4 Rce8 29. Bg2 Kg7 30. R5e3 Qc7 31. h4 Bc6 32. Qd1 Qd7 33. a5 bxa5 34. h5 a4 35. Qg4 e5 36. Qxd7 Rxd7 37. Rxe5 Rb8 38. hxg6 hxg6 39. R1e2 Rdb7 40. Bxd5 Bxd5 41. Rxd5 Rxb2 42. Rxb2 Rxb2 43. Ra5 Rb3 44. Rxa4 Rxc3 45. Kf2 Rd3 46. Rxa6 Rxd4 47. Ke3 Rd7 48. Kf3 Rc7 49. Ke3 Rb7 50. Kf3 Rc7 1/2-1/2


[Site "https://www.chess.com"]

[Event "Titled Tuesday Blitz August 1 Late 2023"]
[White "Crispin Ferreras, Darvi Abraham"]
[Black "Papp, Petra"]
[WhiteFideId "6402771"]
[BlackFideId "739049"]
[WhiteElo "2292"]
[BlackElo "2442"]
[Result "1-0"]
[Round "3"]
[TimeControl "180+1"]
[Date "2023.08.01"]
[WhiteClock "0:01:14"]
[BlackClock "0:00:00"]
[Board "163"]

1. e4 e5 2. Nf3 Nc6 3. Bb5 a6 4. Ba4 Nf6 5. O-O b5 6. Bb3 Bc5 7. d3 d6 8. h3 h6 9. c3 O-O 10. Re1 Bb6 11. Nbd2 Ne7 12. Nf1 Ng6 13. Ng3 Re8 14. a4 Rb8 15. axb5 axb5 16. Be3 c6 17. Qd2 Bxe3 18. Qxe3 d5 19. exd5 Nxd5 20. Qc5 Bb7 21. Ne4 Ndf4 22. Rad1 Nxd3 23. Rxd3 Qxd3 24. Nd6 Re7 25. Rd1 Qe2 26. Rd2 Qxd2 27. Nxd2 Nf4 28. N2e4 Rd8 29. Nxb7 Rxb7 30. Qxe5 Nd3 31. Qf5 Nc1 32. Bc2 Re7 33. Kh2 g6 34. Qf4 Nd3 35. Qxh6 Rxe4 36. Qg5 Ree8 37. Qf6 c5 38. Qc6 b4 39. Bxd3 Re6 40. Qf3 bxc3 41. bxc3 Kg7 42. Bc4 Rf6 43. Qe3 Rc8 44. Bd5 c4 45. f4 Rd8 46. Bxc4 Rc8 47. Bd5 Rd6 48. c4 Rdd8 49. Qe5+ 1-0


[Site "https://www.chess.com"]

[Event "Titled Tuesday Blitz August 1 Late 2023"]
[White "Miguelitro69"]
[Black "Al Mukhaini, Shima"]
[BlackFideId "22005854"]
[WhiteElo "2288"]
[BlackElo "2415"]
[Result "1-0"]
[Round "3"]
[TimeControl "180+1"]
[Date "2023.08.01"]
[WhiteClock "0:02:14"]
[BlackClock "0:01:48"]
[Board "164"]

1. e4 e5 2. Nf3 Nc6 3. Bb5 d6 4. c3 Bg4 5. h3 Bh5 6. d3 Nf6 7. Nbd2 a6 8. Ba4 b5 9. Bc2 Be7 10. Nf1 O-O 11. Ng3 Bg6 12. Be3 d5 13. Qe2 d4 14. Bd2 b4 15. O-O bxc3 16. bxc3 Bc5 17. Ba4 Qd6 18. Bxc6 Qxc6 19. Nxe5 Qd6 20. Nxg6 hxg6 21. e5 1-0


[Site "https://www.chess.com"]

[Event "Titled Tuesday Blitz August 1 Late 2023"]
[White "Chemin, Justo Reinaldo"]
[Black "Vega Gutierrez, Sabrina"]
[WhiteFideId "2101580"]
[BlackFideId "2219026"]
[WhiteElo "2278"]
[BlackElo "2414"]
[Result "0-1"]
[Round "3"]
[TimeControl "180+1"]
[Date "2023.08.01"]
[WhiteClock "0:00:37"]
[BlackClock "0:00:57"]
[Board "165"]

1. e4 c5 2. Nf3 Nc6 3. d4 cxd4 4. Nxd4 Nf6 5. Nc3 e5 6. Nb3 Bb4 7. Bg5 h6 8. Bxf6 Qxf6 9. Qd3 d6 10. f3 O-O 11. O-O-O Be6 12. Nd5 Qg5+ 13. Kb1 a5 14. Nc7 Rac8 15. Nxe6 fxe6 16. a3 a4 17. axb4 axb3 18. c3 Qe7 19. Qxd6 Rfd8 20. Qxd8+ Rxd8 21. Rxd8+ Qxd8 22. Bc4 Kf7 23. Bxb3 Qd3+ 24. Ka2 Qa6+ 25. Kb1 Qe2 26. Rd1 Qxg2 27. Rd7+ Kf6 28. Rxb7 Qf1+ 29. Ka2 Qa6+ 0-1


[Site "https://www.chess.com"]

[Event "Titled Tuesday Blitz August 1 Late 2023"]
[White "Arias Igual, Alejandro"]
[Black "Kubatko, Ivan"]
[WhiteFideId "2254905"]
[BlackFideId "24111473"]
[WhiteElo "2275"]
[BlackElo "2405"]
[Result "0-1"]
[Round "3"]
[TimeControl "180+1"]
[Date "2023.08.01"]
[WhiteClock "0:00:00"]
[BlackClock "0:00:21"]
[Board "166"]

1. Nf3 d5 2. g3 Nf6 3. Bg2 c6 4. O-O Bf5 5. d3 h6 6. Nbd2 e6 7. a3 a5 8. b3 Be7 9. Bb2 O-O 10. e3 Bh7 11. Qe2 Na6 12. Ne5 Nd7 13. f4 Nac5 14. Nef3 Bf6 15. Bxf6 Qxf6 16. Nd4 e5 17. fxe5 Qxe5 18. b4 axb4 19. axb4 Ne6 20. N2f3 Nxd4 21. Nxd4 Rxa1 22. Rxa1 Re8 23. Re1 Nf6 24. Bf3 Bg6 25. Nb3 h5 26. Qf2 Qc3 27. Qd2 Qb2 28. h3 Ra8 29. Kg2 Ra2 30. Re2 Nd7 31. Nd4 Ne5 32. Rf2 Nxd3 33. Re2 Ne5 34. Rf2 Nc4 35. Qe1 Ra1 36. Qe2 Qc3 37. Bxh5 Re1 38. Qg4 Nxe3+ 39. Kh2 Nxg4+ 0-1


[Site "https://www.chess.com"]

[Event "Titled Tuesday Blitz August 1 Late 2023"]
[White "Sala, Giulia"]
[Black "Uzcategui Rodriguez, Alejandro"]
[WhiteFideId "2840451"]
[BlackFideId "3903400"]
[WhiteElo "2265"]
[BlackElo "2402"]
[Result "0-1"]
[Round "3"]
[TimeControl "180+1"]
[Date "2023.08.01"]
[WhiteClock "0:02:16"]
[BlackClock "0:01:59"]
[Board "167"]

1. d4 Nf6 2. Bf4 d6 3. Nc3 Nbd7 4. e4 e5 5. dxe5 dxe5 6. Bg5 c6 7. Qd2 Qc7 8. O-O-O Be7 9. Nf3 Nc5 10. Qe3 b5 11. Bxf6 gxf6 12. Nh4 Qa5 13. Kb1 b4 14. Ne2 Be6 15. Nc1 Na4 16. Nb3 Qb6 17. Nf5 Qxe3 18. Nxe3 Nc5 19. f3 Nxb3 20. axb3 Rd8 21. Bc4 Bc5 22. Nf1 Rxd1+ 0-1


[Site "https://www.chess.com"]

[Event "Titled Tuesday Blitz August 1 Late 2023"]
[White "Sliwicki, Damian"]
[Black "Cardozo Munar, Carlos Eduardo"]
[WhiteFideId "1127128"]
[BlackFideId "4409477"]
[WhiteElo "2402"]
[BlackElo "2253"]
[Result "1-0"]
[Round "3"]
[TimeControl "180+1"]
[Date "2023.08.01"]
[WhiteClock "0:00:52"]
[BlackClock "0:00:01"]
[Board "168"]

1. e4 e6 2. Qe2 d5 3. exd5 Qxd5 4. Nc3 Qa5 5. Nf3 Nf6 6. d4 Be7 7. Bd2 c6 8. O-O-O O-O 9. g4 b5 10. Kb1 Qb6 11. g5 Nd5 12. Nxd5 cxd5 13. h4 Bb7 14. h5 Rc8 15. g6 hxg6 16. hxg6 fxg6 17. Bh3 Rc6 18. Ne5 Bc8 19. Qf3 Bf6 20. Nxg6 Qxd4 21. Bxe6+ Bxe6 22. Rh8+ Kf7 23. Rf8+ Kxg6 24. Rg1+ Kh7 25. Qh5# 1-0


[Site "https://www.chess.com"]

[Event "Titled Tuesday Blitz August 1 Late 2023"]
[White "Stachanczyk, Jacek"]
[Black "Fernandez Bustamante, Leancy B."]
[WhiteFideId "1116657"]
[BlackFideId "3523870"]
[WhiteElo "2401"]
[BlackElo "2248"]
[Result "1-0"]
[Round "3"]
[TimeControl "180+1"]
[Date "2023.08.01"]
[WhiteClock "0:00:51"]
[BlackClock "0:00:49"]
[Board "169"]

1. e4 c5 2. Nf3 a6 3. c3 d5 4. exd5 Qxd5 5. d4 Bg4 6. Be2 Nf6 7. c4 Qd6 8. d5 Nbd7 9. Nc3 g6 10. O-O Bg7 11. h3 Bxf3 12. Bxf3 O-O 13. Re1 Rfe8 14. g3 e5 15. dxe6 Rxe6 16. Qxd6 Rxd6 17. Bxb7 Rb8 18. Bg2 Nb6 19. b3 Rd3 20. Re3 Rbd8 21. Rb1 a5 22. Bf1 R3d7 23. Re1 Nh5 24. Nb5 Rd1 25. Be3 Rxe1 26. Rxe1 Rc8 27. Rd1 a4 28. Rd6 axb3 29. axb3 Na8 30. Bg2 Bf8 31. Ra6 Nc7 32. Rc6 Nxb5 33. Rxc8 Nd6 34. Rb8 Nf5 35. Bxc5 1-0


[Site "https://www.chess.com"]

[Event "Titled Tuesday Blitz August 1 Late 2023"]
[White "Rubio Tent, Francisco"]
[Black "Ruge, Edison"]
[WhiteFideId "2238233"]
[BlackFideId "4401000"]
[WhiteElo "2400"]
[BlackElo "2247"]
[Result "0-1"]
[Round "3"]
[TimeControl "180+1"]
[Date "2023.08.01"]
[WhiteClock "0:00:02"]
[BlackClock "0:00:52"]
[Board "170"]

1. e4 e5 2. Nf3 Nc6 3. Bb5 f5 4. exf5 e4 5. Bxc6 dxc6 6. Ne5 Nf6 7. O-O Qd4 8. Ng4 Bxf5 9. Nxf6+ Qxf6 10. Re1 O-O-O 11. Nc3 Bc5 12. Qe2 Rde8 13. Na4 Bd4 14. c3 Be5 15. b4 Qh4 16. g3 Qh3 17. Nc5 Bd6 18. d4 Bg4 19. Qf1 Qh5 20. Nxe4 Bf3 21. Nxd6+ cxd6 22. Bf4 Kc7 23. h4 h6 24. b5 g5 25. bxc6 gxf4 26. cxb7 fxg3 27. Qc4+ Kb8 28. Rxe8+ Rxe8 29. Qa4 gxf2+ 30. Kf1 Bxb7 31. Rb1 Qe2# 0-1


[Site "https://www.chess.com"]

[Event "Titled Tuesday Blitz August 1 Late 2023"]
[White "Silva Lucena, Cristian"]
[Black "Celestino, Rafael Teixeira"]
[WhiteFideId "2232588"]
[BlackFideId "2108925"]
[WhiteElo "2397"]
[BlackElo "2230"]
[Result "1-0"]
[Round "3"]
[TimeControl "180+1"]
[Date "2023.08.01"]
[WhiteClock "0:01:25"]
[BlackClock "0:01:23"]
[Board "171"]

1. Nf3 Nf6 2. c4 g6 3. b3 Bg7 4. Bb2 O-O 5. g3 d5 6. cxd5 Qxd5 7. Bg2 Bg4 8. O-O c5 9. Ne5 Qe6 10. Bxb7 Nbd7 11. Nxd7 Qxd7 12. Bg2 Rad8 13. d3 h5 14. Nd2 h4 15. Nf3 h3 16. Bh1 Qe6 17. Rc1 Rc8 18. Rc4 Rfd8 19. Qa1 Bh5 20. Re1 Rc7 21. Qc1 Qf5 22. Bc3 Kh7 23. Ba5 Bh6 24. Qb1 Rdc8 25. Bxc7 Rxc7 26. Qc2 e6 27. b4 Bf8 28. Rf4 Qd5 29. Rxf6 Bd6 30. Qd2 Kg7 31. Rf4 Bxf4 32. Qxf4 Rd7 33. Ne5 Qxa2 34. Nxd7 Qd2 35. Qxd2 1-0


[Site "https://www.chess.com"]

[Event "Titled Tuesday Blitz August 1 Late 2023"]
[White "Da Matta, Eduardo Cesar"]
[Black "Jahnz, Fabian"]
[WhiteFideId "2193108"]
[BlackFideId "4653300"]
[WhiteElo "2223"]
[BlackElo "2394"]
[Result "0-1"]
[Round "3"]
[TimeControl "180+1"]
[Date "2023.08.01"]
[WhiteClock "0:01:10"]
[BlackClock "0:01:47"]
[Board "172"]

1. d4 d5 2. c4 e6 3. Nc3 Nf6 4. cxd5 exd5 5. Bg5 c6 6. e3 Bf5 7. Qf3 Bg6 8. Bxf6 Qxf6 9. Qxf6 gxf6 10. Nge2 Bd6 11. h4 h5 12. Ng3 Bxg3 13. fxg3 Nd7 14. Kd2 O-O-O 15. Bd3 Rde8 16. Rae1 Bxd3 17. Kxd3 Rhg8 18. Rh3 Rg4 19. e4 f5 20. e5 f6 21. e6 Nf8 22. e7 Ng6 23. Rf1 Nxe7 24. Rf3 Kd7 25. Ne2 Ng6 26. Rxf5 Rge4 27. Nf4 Re3+ 28. Kd2 Nxf4 29. gxf4 Re2+ 30. Kd3 Rxg2 31. Rxf6 Rxb2 32. Rf7+ Re7 33. Rf5 Rxa2 34. Rxh5 Ra3+ 0-1


[Site "https://www.chess.com"]

[Event "Titled Tuesday Blitz August 1 Late 2023"]
[White "KorolDimitriy75"]
[Black "UgarteCesar"]
[WhiteElo "2380"]
[BlackElo "2218"]
[Result "0-1"]
[Round "3"]
[TimeControl "180+1"]
[Date "2023.08.01"]
[WhiteClock "0:00:00"]
[BlackClock "0:01:03"]
[Board "173"]

1. d4 d5 2. c4 e6 3. Nc3 h6 4. cxd5 exd5 5. Bf4 Bd6 6. Nxd5 Nc6 7. e3 Be6 8. Bxd6 Qxd6 9. Nc3 Qb4 10. Qd2 Rd8 11. Nb5 Qe7 12. Nf3 Nf6 13. Be2 a6 14. Nc3 O-O 15. O-O Bg4 16. h3 Bh5 17. Rfd1 Rfe8 18. Rac1 Qd6 19. a3 Ne7 20. Ne5 Bg6 0-1


[Site "https://www.chess.com"]

[Event "Titled Tuesday Blitz August 1 Late 2023"]
[White "rikchessmx"]
[Black "Eggleston, Thomas A"]
[BlackFideId "412139"]
[WhiteElo "2215"]
[BlackElo "2377"]
[Result "0-1"]
[Round "3"]
[TimeControl "180+1"]
[Date "2023.08.01"]
[WhiteClock "0:00:44"]
[BlackClock "0:00:58"]
[Board "174"]

1. d3 e5 2. g3 d6 3. Bg2 Nf6 4. c4 g6 5. Nc3 Bg7 6. Nf3 O-O 7. O-O c5 8. a3 Nc6 9. Rb1 a5 10. Bd2 h6 11. Nb5 Be6 12. Qc1 Rc8 13. Bc3 Nd4 14. Bxd4 cxd4 15. b4 a4 16. Qc2 Ra8 17. Nd2 Qb6 18. f4 Ng4 19. Rfc1 Ne3 20. Qa2 Qxb5 21. cxb5 Bxa2 22. Rb2 Bd5 23. Bxd5 Nxd5 24. Nc4 Rac8 25. Rf1 Ne3 26. Nxd6 Nxf1 27. Nxc8 Rxc8 28. Kxf1 exf4 29. gxf4 Rc3 30. Kf2 Rxa3 31. Rc2 Rc3 32. Ra2 a3 33. Kf3 Rb3 34. Ke4 Rxb4 35. Rxa3 Rxb5 36. Ra8+ Kh7 37. Rb8 Bf6 38. Kf3 Kg7 39. Ke4 Rb1 40. Kf3 b5 41. Rb7 b4 42. Rb5 b3 43. Kf2 b2 44. Kg2 Be7 45. Rb7 Ba3 46. Rb3 Rc1 0-1


[Site "https://www.chess.com"]

[Event "Titled Tuesday Blitz August 1 Late 2023"]
[White "Haitin, Ilja"]
[Black "campochess"]
[WhiteFideId "4501764"]
[WhiteElo "2376"]
[BlackElo "2201"]
[Result "1/2-1/2"]
[Round "3"]
[TimeControl "180+1"]
[Date "2023.08.01"]
[WhiteClock "0:00:03"]
[BlackClock "0:00:57"]
[Board "175"]

1. Nf3 c5 2. b3 d6 3. d4 cxd4 4. Nxd4 Nc6 5. Bb2 Nf6 6. g3 Bd7 7. Bg2 Nxd4 8. Qxd4 Bc6 9. e4 e5 10. Qd3 Be7 11. O-O O-O 12. c4 a6 13. Nc3 Qc8 14. Rad1 Rd8 15. Nd5 Nxd5 16. exd5 Bd7 17. f4 f6 18. fxe5 fxe5 19. Be4 h6 20. Qf3 Rf8 21. Qh5 Qc5+ 22. Kh1 Rxf1+ 23. Rxf1 Rf8 24. Rxf8+ Kxf8 25. Qf3+ Bf6 26. Kg2 Qa5 27. Qf2 Qxa2 28. c5 Qxb3 29. c6 bxc6 30. dxc6 Be6 31. c7 d5 32. Qc5+ Kf7 33. Bxd5 Qxb2+ 34. Kg1 Qb1+ 35. Kf2 Qf5+ 36. Ke1 Qb1+ 37. Kf2 Qf5+ 38. Ke1 Qb1+ 39. Kf2 1/2-1/2


[Site "https://www.chess.com"]

[Event "Titled Tuesday Blitz August 1 Late 2023"]
[White "Bueno, Alfeu Junior Varela"]
[Black "Osmonbekov, Talaibek"]
[WhiteFideId "2108879"]
[BlackFideId "2017253"]
[WhiteElo "2372"]
[BlackElo "2184"]
[Result "1-0"]
[Round "3"]
[TimeControl "180+1"]
[Date "2023.08.01"]
[WhiteClock "0:01:08"]
[BlackClock "0:00:00"]
[Board "176"]

1. e4 c5 2. Nc3 Nc6 3. f4 e6 4. Nf3 d5 5. Bb5 Ne7 6. exd5 exd5 7. Qe2 d4 8. Bxc6+ bxc6 9. Ne4 Qd5 10. d3 Bf5 11. O-O c4 12. b3 Bxe4 13. dxe4 Qc5 14. Qxc4 Qxc4 15. bxc4 c5 16. Rb1 Nc6 17. Ne5 Nb4 18. a3 Nxc2 19. Rb7 f6 20. Nc6 h5 21. e5 f5 22. e6 h4 23. e7 h3 24. Rf2 Ne3 25. Bxe3 dxe3 26. Re2 Rh6 27. exf8=Q+ Kxf8 28. Ne5 Rd8 29. Nd7+ Kg8 30. gxh3 Rd6 31. Nxc5 Rd2 32. Rxe3 Ra2 33. Rb1 Rdd2 34. Rg3 Kf7 35. Nb3 1-0


[Site "https://www.chess.com"]

[Event "Titled Tuesday Blitz August 1 Late 2023"]
[White "aleksanchess"]
[Black "Balla, Tamas-Kristof"]
[BlackFideId "1208497"]
[WhiteElo "2196"]
[BlackElo "2368"]
[Result "0-1"]
[Round "3"]
[TimeControl "180+1"]
[Date "2023.08.01"]
[WhiteClock "0:00:09"]
[BlackClock "0:00:44"]
[Board "177"]

1. d4 d5 2. c4 e6 3. Nc3 c5 4. cxd5 exd5 5. Nf3 Nc6 6. g3 Nf6 7. Bg2 cxd4 8. Nxd4 Bc5 9. Be3 Qb6 10. Ndb5 d4 11. Bg5 dxc3 12. Nd6+ Bxd6 13. Qxd6 Be6 14. Rd1 Rd8 15. Bxc6+ bxc6 16. Qxd8+ Qxd8 17. Rxd8+ Kxd8 18. bxc3 Ke7 19. a4 Rb8 20. O-O Rb3 21. e4 h6 22. Be3 Nxe4 23. Bxa7 Nxc3 24. a5 Rb5 25. Re1 Rxa5 26. Bd4 Nd5 27. Bxg7 c5 28. Bxh6 c4 29. Rc1 c3 30. Bg5+ f6 31. Be3 Nxe3 32. fxe3 Rc5 33. h4 c2 34. Kf2 Bb3 35. Ke1 Rd5 36. Ke2 Rd1 0-1


[Site "https://www.chess.com"]

[Event "Titled Tuesday Blitz August 1 Late 2023"]
[White "Kanyamarala, Trisha"]
[Black "Petersson, Kjell"]
[WhiteFideId "45004722"]
[BlackFideId "1705148"]
[WhiteElo "2367"]
[BlackElo "2183"]
[Result "1-0"]
[Round "3"]
[TimeControl "180+1"]
[Date "2023.08.01"]
[WhiteClock "0:01:43"]
[BlackClock "0:01:30"]
[Board "178"]

1. c4 f5 2. Nc3 Nf6 3. g3 e6 4. Bg2 d5 5. Nf3 Bd6 6. O-O c6 7. d3 dxc4 8. dxc4 O-O 9. b3 Bc7 10. Ba3 Re8 11. Qc2 Bd7 12. Rad1 Na6 13. Bd6 Qb8 14. c5 Bxd6 15. cxd6 Nd5 16. e4 fxe4 17. Nxe4 Nab4 18. Qb1 a5 19. Ne5 Qc8 20. a3 Na6 21. Ng5 Nf6 22. Be4 h6 23. Bh7+ Kf8 24. Ng6# 1-0


[Site "https://www.chess.com"]

[Event "Titled Tuesday Blitz August 1 Late 2023"]
[White "Vila Dupla, Aurelio"]
[Black "Rodriguez Santiago, Jaime"]
[WhiteFideId "2203383"]
[BlackFideId "3100898"]
[WhiteElo "2145"]
[BlackElo "2363"]
[Result "0-1"]
[Round "3"]
[TimeControl "180+1"]
[Date "2023.08.01"]
[WhiteClock "0:00:01"]
[BlackClock "0:00:11"]
[Board "179"]

1. Nf3 Nf6 2. d4 d5 3. c4 e6 4. cxd5 exd5 5. Nc3 c6 6. Qc2 Bd6 7. Bg5 Nbd7 8. e3 O-O 9. Bd3 h6 10. Bh4 Re8 11. O-O-O b5 12. Kb1 a5 13. g4 b4 14. Na4 Qc7 15. g5 hxg5 16. Nxg5 c5 17. Nxc5 Nxc5 18. dxc5 Qxc5 19. Qxc5 Bxc5 20. Rc1 Bd6 21. Bg3 Bxg3 22. hxg3 Ne4 23. Bxe4 dxe4 24. Rh4 Bf5 25. Rch1 Kf8 26. Rf4 Bg6 27. Rh8+ Ke7 28. Rxe8+ Rxe8 29. Nxe4 Kd7 30. f3 f5 31. Nd2 Rxe3 32. Kc2 Re2 33. Kd1 Rg2 34. Nf1 Rxb2 35. g4 fxg4 36. Rxg4 Bd3 37. Rxg7+ Kc6 38. Ne3 Rxa2 39. Rg8 Be2+ 40. Kc1 Bxf3 41. Rc8+ Kb5 42. Rb8+ Ka4 43. Nc4 Be4 44. Nd2 Rc2+ 45. Kd1 Bg6 46. Rg8 Rc6 47. Rb8 b3 48. Ke2 Rc2 49. Ke3 Bf7 50. Rb7 Bd5 51. Rd7 Bc6 52. Rd4+ Ka3 53. Rd3 a4 54. Nb1+ Kb2 55. Nd2 Bb5 56. Rd5 Rc3+ 57. Kd4 Rd3+ 58. Kc5 Rxd5+ 59. Kxd5 a3 0-1


[Site "https://www.chess.com"]

[Event "Titled Tuesday Blitz August 1 Late 2023"]
[White "Aung Thant Zin"]
[Black "Srdanovic, Jovana"]
[WhiteFideId "13000063"]
[BlackFideId "954810"]
[WhiteElo "2144"]
[BlackElo "2361"]
[Result "1/2-1/2"]
[Round "3"]
[TimeControl "180+1"]
[Date "2023.08.01"]
[WhiteClock "0:00:07"]
[BlackClock "0:00:06"]
[Board "180"]

1. e4 c6 2. d4 d5 3. Nc3 dxe4 4. Nxe4 Bf5 5. Ng3 Bg6 6. h4 h6 7. Nf3 Nd7 8. Bd3 Bxd3 9. Qxd3 e6 10. Bd2 Ngf6 11. O-O-O Be7 12. Ne4 Nxe4 13. Qxe4 Nf6 14. Qe2 Qd5 15. Kb1 Qe4 16. Be3 O-O 17. Nd2 Qg6 18. f3 Nd5 19. g4 Nxe3 20. Qxe3 Rac8 21. Nc4 c5 22. Ne5 Qh7 23. g5 cxd4 24. Qe2 Bd6 25. g6 fxg6 26. Nc4 Bf4 27. Qxe6+ Kh8 28. Rxd4 g5 29. hxg5 Bxg5 30. f4 Bf6 31. Re4 Qg8 32. Nd6 Qxe6 33. Rxe6 Rc7 34. Ne4 Rcf7 35. f5 b6 36. Nd6 Re7 37. Rhe1 Rxe6 38. fxe6 Be7 39. Nc4 Kg8 40. Ne5 Re8 41. Ng6 Kh7 42. Ne5 g5 43. Rf1 Rf8 44. Rf7+ Rxf7 45. Nxf7 Kg7 46. Kc1 Kf6 47. Nxh6 Kxe6 48. Kd1 Ke5 49. Ke2 Bc5 50. Kf3 Kf6 51. Ng4+ Kg6 52. c4 Bd6 53. a3 Bf4 54. b4 a5 55. c5 bxc5 56. bxa5 Bc7 57. a6 Bb6 58. Ne5+ Kf5 59. Nc4 Ba7 60. Nd6+ Ke5 61. Nb5 Bb6 62. a4 c4 63. a5 Bc5 64. a7 Bxa7 65. Nxa7 c3 66. Nc6+ Kd5 67. Nb4+ Kc5 68. a6 Kb6 69. Ke2 g4 70. Kd3 g3 71. Ke2 g2 72. Kf2 c2 73. Nxc2 Kxa6 74. Kxg2 1/2-1/2


[Site "https://www.chess.com"]

[Event "Titled Tuesday Blitz August 1 Late 2023"]
[White "Rego, Pedro Filipe"]
[Black "Ardito, Andrew"]
[WhiteFideId "1904310"]
[BlackFideId "2033976"]
[WhiteElo "2359"]
[BlackElo "2107"]
[Result "1/2-1/2"]
[Round "3"]
[TimeControl "180+1"]
[Date "2023.08.01"]
[WhiteClock "0:00:35"]
[BlackClock "0:00:06"]
[Board "181"]

1. d4 Nf6 2. Bf4 d6 3. Nf3 c6 4. e3 Bf5 5. Bd3 Qd7 6. O-O h6 7. h3 g5 8. Bh2 Bg7 9. Bxf5 Qxf5 10. Qd3 Qxd3 11. cxd3 Na6 12. a3 b5 13. Nc3 Kd7 14. Ne4 g4 15. Nxf6+ Bxf6 16. hxg4 Rag8 17. g5 hxg5 18. Nd2 Rh6 19. Bg3 g4 20. Rfc1 Rgh8 21. Kf1 d5 22. Ke2 Bh4 23. Bf4 R6h7 24. Nb3 f6 25. Nc5+ Nxc5 26. Rxc5 Bg5 27. Rac1 Bxf4 28. exf4 Rc8 29. b3 a6 30. a4 Rh2 31. g3 f5 32. axb5 axb5 33. Ra1 Rc7 34. Rcc1 Rh6 35. Ra8 Re6+ 36. Kd2 Rh6 37. Rca1 Rh2 38. Ke3 Rh6 39. b4 Re6+ 40. Kd2 Rh6 41. Rf8 Rf6 42. Rxf6 exf6 43. Ra6 Kd6 44. Ra8 Re7 45. Rf8 Ke6 46. Rc8 Kd7 47. Rh8 Kd6 48. Ra8 Rh7 49. Ra1 Rh2 50. Ke3 Rh7 51. Ke2 Re7+ 52. Kf1 Rh7 53. Kg2 Re7 54. Kf1 Rh7 55. Ke2 Re7+ 56. Kd2 Rh7 57. Re1 Rh2 58. Ke3 Rh7 59. Ra1 Rh2 60. Kd2 Rxf2+ 61. Kc3 Rf3 62. Rg1 Rf2 63. Kb3 Rd2 64. Kc3 Ra2 65. Kb3 Re2 66. Kc3 Re3 67. Kd2 Rf3 68. Ke2 Ke7 69. Rg2 Kd6 70. Rg1 Ke6 1/2-1/2


[Site "https://www.chess.com"]

[Event "Titled Tuesday Blitz August 1 Late 2023"]
[White "ayme97"]
[Black "Mushini Ajay"]
[BlackFideId "35066188"]
[WhiteElo "2141"]
[BlackElo "2354"]
[Result "0-1"]
[Round "3"]
[TimeControl "180+1"]
[Date "2023.08.01"]
[WhiteClock "0:00:00"]
[BlackClock "0:00:08"]
[Board "182"]

1. d4 Nf6 2. c4 c5 3. d5 b5 4. cxb5 a6 5. b6 g6 6. Nc3 d6 7. Qb3 Bb7 8. a4 a5 9. e4 Bg7 10. Nf3 O-O 11. Be2 Na6 12. Nd2 Nb4 13. Nc4 e6 14. dxe6 d5 15. exd5 fxe6 16. Bf4 Nfxd5 17. Nxd5 exd5 18. Bc7 Qf6 19. Bf3 Rae8+ 20. Ne3 c4 21. Qc3 Qxc3+ 22. bxc3 Nc2+ 23. Kd2 Nxa1 24. Rxa1 d4 25. Bxb7 dxe3+ 26. fxe3 Rf2+ 27. Ke1 Rb2 28. e4 Bxc3+ 29. Kf1 Rf8+ 30. Kg1 Rxg2+ 31. Kxg2 Bxa1 32. Bd5+ Kh8 33. Bxc4 Bd4 34. Be6 Rf2+ 35. Kg3 Rb2 36. Bd5 h5 37. b7 Ba7 38. Bxa5 Bb8+ 39. Kf3 Rxh2 40. Bb6 Rh3+ 41. Kg2 Ra3 42. a5 h4 43. Be6 h3+ 44. Bxh3 Rg3+ 45. Kh2 Re3+ 0-1


[Site "https://www.chess.com"]

[Event "Titled Tuesday Blitz August 1 Late 2023"]
[White "Awoki, Daniel Teidi"]
[Black "Gyulamiryan-koryun"]
[WhiteFideId "2100827"]
[WhiteElo "2350"]
[BlackElo "2103"]
[Result "0-1"]
[Round "3"]
[TimeControl "180+1"]
[Date "2023.08.01"]
[WhiteClock "0:00:01"]
[BlackClock "0:00:33"]
[Board "183"]

1. e4 e5 2. Nf3 Nc6 3. Bb5 a6 4. Ba4 Nf6 5. O-O Be7 6. Re1 b5 7. Bb3 O-O 8. c3 d5 9. exd5 Nxd5 10. Nxe5 Nxe5 11. Rxe5 c6 12. d3 Bd6 13. Re1 Qh4 14. g3 Qh3 15. Re4 Qd7 16. Nd2 a5 17. Nf1 a4 18. Bc2 f5 19. Re1 c5 20. Ne3 Bb7 21. Nxd5 Bxd5 22. f4 Bb7 23. Kf2 Qc6 24. Rg1 Rad8 25. Be3 Rfe8 26. Qe2 Re7 27. Rae1 Rde8 28. Qd1 c4 29. d4 g6 30. b3 cxb3 31. axb3 Qxc3 32. Qd3 Qxd3 33. Bxd3 axb3 34. Bxb5 Rb8 35. Bc4+ Kg7 36. Bxb3 Be4 37. Bd1 Rb2+ 38. Be2 Bb4 39. Rd1 Bc2 40. Rc1 Bd3 41. Rge1 Bxe1+ 42. Rxe1 Rxe2+ 43. Rxe2 Bxe2 44. Kxe2 Rb7 45. Kf3 Kf6 46. h3 Ke6 47. g4 Kd5 48. gxf5 gxf5 49. Bf2 h5 50. Be3 h4 51. Bf2 Rb3+ 52. Kg2 Ke4 53. Bxh4 Kxf4 54. Bf6 Rb2+ 55. Kg1 Kg3 56. Be5+ Kxh3 57. d5 Rb5 58. Bf4 Rxd5 59. Be3 0-1


[Site "https://www.chess.com"]

[Event "Titled Tuesday Blitz August 1 Late 2023"]
[White "Romero Arzuaga, Yudel"]
[Black "Hartikainen, Jarmo"]
[WhiteFideId "3521010"]
[BlackFideId "503134"]
[WhiteElo "2349"]
[BlackElo "2079"]
[Result "0-1"]
[Round "3"]
[TimeControl "180+1"]
[Date "2023.08.01"]
[WhiteClock "0:01:15"]
[BlackClock "0:00:20"]
[Board "184"]

1. d4 Nf6 2. Nf3 e6 3. Bg5 c5 4. e3 Qb6 5. Nbd2 cxd4 6. exd4 Qxb2 7. Bd3 Be7 8. O-O Nc6 9. Rb1 Qc3 10. Bxf6 gxf6 11. Ne4 Qa5 12. c4 Qh5 13. Ng3 Qh6 14. d5 Ne5 15. Nxe5 fxe5 16. Qe2 d6 17. c5 O-O 18. cxd6 Bxd6 19. Ne4 exd5 20. Nxd6 Qxd6 21. Qh5 e4 22. f3 exd3 23. Rfd1 Qg6 24. Qxd5 Be6 25. Qxb7 Rad8 26. Qxa7 Bh3 27. Qf2 Rfe8 28. Rd2 Re2 29. Rxe2 dxe2 30. Re1 Rd1 31. g3 Rxe1+ 32. Qxe1 Qb6+ 33. Kh1 Qe3 0-1


[Site "https://www.chess.com"]

[Event "Titled Tuesday Blitz August 1 Late 2023"]
[White "Topalov, Aleksandar"]
[Black "Semenova, Alina"]
[WhiteFideId "925659"]
[BlackFideId "24113875"]
[WhiteElo "2345"]
[BlackElo "2078"]
[Result "1-0"]
[Round "3"]
[TimeControl "180+1"]
[Date "2023.08.01"]
[WhiteClock "0:00:44"]
[BlackClock "0:00:02"]
[Board "185"]

1. b3 Nf6 2. Bb2 g6 3. Bxf6 exf6 4. c4 Nc6 5. Nc3 Bg7 6. e3 f5 7. Nge2 O-O 8. d4 Re8 9. g3 b6 10. Bg2 Bb7 11. O-O Na5 12. Nd5 c6 13. Ndc3 c5 14. Nd5 Bc6 15. Rc1 Nb7 16. Qd2 Nd6 17. Rfd1 Ne4 18. Qc2 Rc8 19. dxc5 bxc5 20. Ndf4 Qf6 21. Rb1 h5 22. Nd5 Bxd5 23. Rxd5 h4 24. Rxd7 hxg3 25. hxg3 Qe6 26. Rd3 Red8 27. Rbd1 Rxd3 28. Qxd3 Qe7 29. Qd7 Bf6 30. Nf4 Qxd7 31. Rxd7 Ra8 32. Nd5 Bg7 33. Bxe4 fxe4 34. Re7 Kf8 35. Rxe4 a5 36. Re7 a4 37. Rc7 axb3 38. axb3 Ra5 39. Rc8# 1-0


[Site "https://www.chess.com"]